General information
- name: BNet
- type: Ladder team game (AT/RT)
- host: Battle.net
- saver: Mata.
map: FullScaleAssault
- players: 8
- length: 26:08
- speed: Fast
- version: 1.23 W3XP
- replay type:

» download(205 KB)
Players
team 1 (winner)
Gobiner (
green | 47 APM | 241 actions | 05:09)
1 Blademaster
1 Wind Walk
» actions
| Assign group hotkey | 3 | |
| Basic commands | 5 | |
| Build / train | 37 | |
| Enter build submenu | 11 | |
| Enter hero's abilities submenu | 1 | |
| Right click | 96 | |
| Select / deselect | 30 | |
| Select group hotkey | 41 | |
| Use ability | 17 | |
241 total
» units
» buildings
| Altar of Storms | 1 | |
| Orc Burrow | 2 | |
| War Mill | 1 | |
| Voodoo Lounge | 1 | |
| Watch Tower | 5 | |
| Stronghold | 1 | |
11 total
» build order
00:08 Altar of Storms
00:17 Orc Burrow
00:35 War Mill
01:21 Voodoo Lounge
02:15 Orc Burrow
02:33 Watch Tower
02:35 Watch Tower
04:04 Watch Tower
04:05 Watch Tower
04:33 Watch Tower
04:40 Stronghold

»
Mata. (
pink | 108 APM | 2827 actions | 26:08)
3 Archmage
2 Blizzard
1 Brilliance Aura
» actions
| Assign group hotkey | 210 | |
| Basic commands | 39 | |
| Build / train | 184 | |
| Enter build submenu | 65 | |
| Enter hero's abilities submenu | 3 | |
| Give item / drop item | 2 | |
| Remove unit from queue | 11 | |
| Right click | 1302 | |
| Select / deselect | 804 | |
| Select group hotkey | 14 | |
| Use ability | 193 | |
2827 total
» units
| Peasant | 40 | |
| Footman | 2 | |
| Goblin Zeppelin | 22 | |
| Goblin Shredder | 1 | |
| Siege Engine | 18 | |
83 total
» upgrades
| Masonry | 3 | |
| Lumber Harvesting | 1 | |
| Plating | 3 | |
| Gunpowder | 3 | |
| Barrage | 1 | |
11 total
» buildings
| Altar of Kings | 1 | |
| Farm | 11 | |
| Lumber Mill | 1 | |
| Scout Tower | 29 | |
| Arcane Tower | 14 | |
| Guard Tower | 37 | |
| Town Hall | 3 | |
| Barracks | 1 | |
| Keep | 2 | |
| Blacksmith | 2 | |
| Castle | 4 | |
| Workshop | 4 | |
109 total
» build order
00:57 Altar of Kings
01:05 Farm
01:31 Lumber Mill
01:44 Scout Tower
01:53 Farm
02:04 Farm
02:06 Scout Tower
02:10 Arcane Tower
02:10 Arcane Tower
02:10 Arcane Tower
02:15 Scout Tower
02:37 Guard Tower
02:37 Guard Tower
02:37 Guard Tower
02:39 Scout Tower
02:42 Farm
02:57 Scout Tower
03:00 Scout Tower
03:01 Guard Tower
03:01 Guard Tower
03:26 Guard Tower
03:26 Guard Tower
03:27 Scout Tower
03:28 Scout Tower
03:35 Arcane Tower
03:36 Arcane Tower
03:36 Arcane Tower
04:01 Arcane Tower
04:01 Arcane Tower
04:01 Arcane Tower
04:07 Scout Tower
04:08 Scout Tower
04:14 Guard Tower
04:15 Scout Tower
04:17 Scout Tower
04:37 Guard Tower
04:37 Guard Tower
04:47 Guard Tower
04:47 Guard Tower
04:47 Guard Tower
04:52 Guard Tower
05:01 Guard Tower
05:01 Guard Tower
06:04 Town Hall
06:19 Barracks
06:27 Farm
06:36 Scout Tower
06:36 Scout Tower
06:38 Scout Tower
06:39 Scout Tower
06:39 Scout Tower
07:16 Guard Tower
07:16 Guard Tower
07:47 Guard Tower
07:47 Guard Tower
08:32 Keep
08:43 Guard Tower
08:44 Guard Tower
08:46 Scout Tower
08:47 Scout Tower
08:48 Scout Tower
08:48 Scout Tower
08:54 Scout Tower
08:55 Scout Tower
09:43 Town Hall
10:01 Guard Tower
10:01 Guard Tower
10:11 Guard Tower
10:11 Guard Tower
10:12 Scout Tower
10:14 Scout Tower
10:16 Scout Tower
10:17 Scout Tower
10:17 Scout Tower
10:18 Scout Tower
11:05 Town Hall
12:20 Blacksmith
12:28 Castle
12:28 Castle
12:53 Guard Tower
13:35 Blacksmith
13:37 Workshop
13:39 Workshop
14:41 Workshop
14:41 Workshop
15:08 Farm
15:54 Farm
15:54 Farm
15:56 Farm
16:34 Farm
16:39 Farm
» items
| Healing Salve | 1 | |
| Orb of Lightning | 1 | |
2 total
Sylink (
purple | 100 APM | 2626 actions | 26:07)
8 Blademaster
3 Wind Walk
3 Critical Strike
2 Bladestorm
» actions
| Assign group hotkey | 11 | |
| Basic commands | 58 | |
| Build / train | 76 | |
| ESC pressed | 7 | |
| Enter build submenu | 62 | |
| Enter hero's abilities submenu | 11 | |
| Give item / drop item | 6 | |
| Right click | 893 | |
| Select / deselect | 249 | |
| Select group hotkey | 1084 | |
| Use ability | 169 | |
2626 total
» units
| Peon | 17 | |
| Wind Rider | 6 | |
| Troll Batrider | 10 | |
| Goblin Shredder | 1 | |
34 total
» upgrades
| Ranged Weapons | 2 | |
| Armor | 2 | |
| Liquid Fire | 1 | |
| Reinforced Defenses | 1 | |
| Envenomed Spears | 1 | |
7 total
» buildings
| Altar of Storms | 1 | |
| Orc Burrow | 4 | |
| War Mill | 1 | |
| Watch Tower | 63 | |
| Voodoo Lounge | 1 | |
| Great Hall | 2 | |
| Stronghold | 1 | |
| Beastiary | 3 | |
| Fortress | 1 | |
77 total
» build order
00:02 Altar of Storms
00:05 Orc Burrow
00:40 War Mill
02:22 Watch Tower
02:28 Orc Burrow
02:38 Voodoo Lounge
03:41 Watch Tower
04:15 Great Hall
04:27 Stronghold
05:08 Watch Tower
05:18 Watch Tower
05:29 Watch Tower
05:31 Watch Tower
06:17 Watch Tower
06:29 Watch Tower
07:08 Beastiary
07:18 Beastiary
07:59 Watch Tower
08:19 Orc Burrow
08:28 Orc Burrow
09:13 Watch Tower
09:14 Watch Tower
10:10 Fortress
10:28 Watch Tower
11:24 Watch Tower
11:24 Watch Tower
12:36 Watch Tower
12:44 Watch Tower
14:06 Watch Tower
14:07 Watch Tower
14:27 Beastiary
14:39 Watch Tower
14:51 Watch Tower
14:52 Watch Tower
14:53 Watch Tower
16:27 Watch Tower
16:28 Watch Tower
16:45 Watch Tower
16:47 Watch Tower
17:12 Watch Tower
17:15 Watch Tower
17:16 Watch Tower
17:16 Watch Tower
17:34 Watch Tower
17:35 Watch Tower
17:36 Watch Tower
17:36 Watch Tower
17:40 Watch Tower
17:41 Watch Tower
17:41 Watch Tower
17:52 Watch Tower
18:23 Watch Tower
19:01 Watch Tower
19:41 Watch Tower
20:08 Watch Tower
20:22 Watch Tower
20:23 Watch Tower
20:23 Watch Tower
20:23 Watch Tower
20:25 Watch Tower
20:25 Watch Tower
20:25 Watch Tower
20:38 Watch Tower
21:24 Watch Tower
21:25 Watch Tower
21:30 Watch Tower
21:30 Watch Tower
21:31 Watch Tower
21:38 Watch Tower
21:42 Watch Tower
22:16 Watch Tower
22:44 Watch Tower
25:05 Watch Tower
25:06 Watch Tower
25:16 Watch Tower
25:22 Great Hall
26:00 Watch Tower
» items
| Healing Salve | 4 | |
| Boots of Speed | 2 | |
| Staff of Teleportation | 2 | |
| Lesser Clarity Potion | 6 | |
| Scroll of Town Portal | 1 | |
| Potion of Mana | 3 | |
| Potion of Healing | 2 | |
| Orb of Lightning | 1 | |
21 total
TIMG4STRok (
blue | 100 APM | 2609 actions | 26:07)
8 Paladin
3 Holy Light
3 Devotion Aura
2 Divine Shield
» actions
| Assign group hotkey | 18 | |
| Basic commands | 31 | |
| Build / train | 130 | |
| ESC pressed | 4 | |
| Enter build submenu | 97 | |
| Enter hero's abilities submenu | 8 | |
| Give item / drop item | 6 | |
| Right click | 1116 | |
| Select / deselect | 318 | |
| Select group hotkey | 659 | |
| Use ability | 222 | |
2609 total
» units
» upgrades
| Masonry | 3 | |
| Ranged Weapons | 3 | |
| Swords | 3 | |
| Reinforced Defenses | 1 | |
| Lumber Harvesting | 2 | |
| Armor | 5 | |
| Storm Hammers | 1 | |
| Spiked Barricades | 1 | |
| Animal War Training | 1 | |
| Magic Sentry | 1 | |
21 total
» buildings
| Lumber Mill | 2 | |
| Farm | 11 | |
| Altar of Kings | 1 | |
| Scout Tower | 75 | |
| Arcane Tower | 4 | |
| Guard Tower | 29 | |
| Keep | 1 | |
| Watch Tower | 17 | |
| Blacksmith | 1 | |
| Town Hall | 4 | |
| Fortress | 1 | |
| Beastiary | 3 | |
| Orc Burrow | 3 | |
| Castle | 1 | |
| Arcane Vault | 1 | |
| Gryphon Aviary | 2 | |
| Voodoo Lounge | 1 | |
| Barracks | 2 | |
| Arcane Sanctum | 1 | |
160 total
» build order
00:10 Lumber Mill
00:12 Farm
00:57 Farm
01:04 Altar of Kings
01:06 Scout Tower
01:50 Arcane Tower
02:07 Scout Tower
02:19 Scout Tower
02:36 Guard Tower
02:40 Scout Tower
02:44 Guard Tower
02:48 Scout Tower
03:22 Guard Tower
03:23 Scout Tower
03:25 Scout Tower
04:11 Arcane Tower
04:13 Scout Tower
04:14 Scout Tower
04:50 Guard Tower
04:52 Scout Tower
04:53 Scout Tower
04:53 Scout Tower
04:54 Scout Tower
04:58 Keep
05:35 Guard Tower
05:37 Guard Tower
05:39 Scout Tower
05:40 Scout Tower
05:48 Scout Tower
05:56 Watch Tower
05:57 Watch Tower
06:31 Guard Tower
06:33 Scout Tower
06:33 Scout Tower
07:01 Blacksmith
07:03 Farm
07:05 Guard Tower
07:11 Town Hall
07:13 Watch Tower
07:13 Watch Tower
07:15 Scout Tower
07:21 Fortress
07:24 Beastiary
07:25 Beastiary
07:31 Beastiary
07:34 Orc Burrow
07:34 Orc Burrow
07:38 Orc Burrow
07:51 Guard Tower
07:57 Castle
08:22 Watch Tower
08:22 Watch Tower
08:46 Arcane Vault
10:03 Town Hall
10:08 Town Hall
10:21 Gryphon Aviary
10:22 Gryphon Aviary
10:37 Watch Tower
10:37 Watch Tower
10:53 Farm
11:28 Watch Tower
11:39 Watch Tower
12:10 Voodoo Lounge
12:18 Scout Tower
12:19 Scout Tower
12:20 Scout Tower
12:20 Scout Tower
12:21 Scout Tower
12:22 Scout Tower
13:06 Guard Tower
13:08 Watch Tower
13:25 Guard Tower
13:34 Watch Tower
13:50 Guard Tower
13:51 Guard Tower
13:54 Scout Tower
13:56 Scout Tower
13:57 Scout Tower
13:58 Scout Tower
13:59 Scout Tower
14:00 Scout Tower
14:14 Scout Tower
14:15 Scout Tower
14:22 Arcane Tower
14:27 Scout Tower
14:28 Scout Tower
14:39 Barracks
14:41 Farm
14:41 Farm
14:42 Farm
14:43 Farm
14:44 Farm
14:47 Farm
14:53 Guard Tower
14:55 Arcane Tower
14:57 Guard Tower
14:59 Watch Tower
15:20 Guard Tower
15:31 Guard Tower
15:37 Scout Tower
16:03 Scout Tower
16:04 Scout Tower
16:04 Guard Tower
16:07 Watch Tower
16:08 Barracks
16:11 Watch Tower
16:16 Farm
16:51 Guard Tower
17:02 Watch Tower
17:23 Scout Tower
17:24 Scout Tower
17:25 Scout Tower
18:01 Guard Tower
18:33 Guard Tower
18:46 Guard Tower
19:10 Watch Tower
19:12 Scout Tower
19:12 Scout Tower
19:13 Scout Tower
19:32 Scout Tower
19:33 Scout Tower
19:34 Scout Tower
19:35 Scout Tower
19:35 Scout Tower
19:36 Scout Tower
19:36 Scout Tower
19:37 Scout Tower
19:37 Scout Tower
19:38 Scout Tower
19:39 Scout Tower
19:40 Scout Tower
19:40 Scout Tower
19:41 Scout Tower
19:42 Scout Tower
19:46 Guard Tower
20:13 Guard Tower
20:36 Lumber Mill
20:55 Arcane Sanctum
21:54 Guard Tower
22:16 Guard Tower
22:20 Scout Tower
22:21 Scout Tower
22:21 Scout Tower
22:22 Scout Tower
22:22 Scout Tower
22:23 Scout Tower
22:24 Scout Tower
22:24 Scout Tower
22:25 Scout Tower
22:26 Scout Tower
22:27 Scout Tower
22:27 Scout Tower
22:28 Scout Tower
22:28 Scout Tower
22:29 Scout Tower
22:29 Scout Tower
23:08 Guard Tower
23:37 Town Hall
24:22 Guard Tower
25:52 Guard Tower
» items
| Staff of Teleportation | 1 | |
| Boots of Speed | 1 | |
| Orb of Lightning | 1 | |
| Scroll of Town Portal | 3 | |
| Scroll of Regeneration | 2 | |
| Circlet of Nobility | 1 | |
| Tome of Retraining | 1 | |
| Potion of Healing | 2 | |
| Potion of Mana | 1 | |
| Lesser Clarity Potion | 1 | |
14 total
team 2 (loser)
chaosknight2 (
yellow | 41 APM | 917 actions | 22:34)
5 Death Knight
3 Death Coil
2 Unholy Aura
3 Lich
2 Frost Nova
1 Dark Ritual
» actions
| Basic commands | 105 | |
| Build / train | 50 | |
| Enter build submenu | 20 | |
| Enter hero's abilities submenu | 8 | |
| Give item / drop item | 1 | |
| Remove unit from queue | 3 | |
| Right click | 461 | |
| Select / deselect | 236 | |
| Use ability | 33 | |
917 total
» units
| Acolyte | 2 | |
| Ghoul | 4 | |
| Crypt Fiend | 8 | |
| Obsidian Statue | 2 | |
| Meatwagon | 4 | |
| Frost Wyrm | 4 | |
24 total
» upgrades
| Creature Attack | 2 | |
| Creature Carapace | 3 | |
| Web | 1 | |
| Freezing Breath | 1 | |
7 total
» buildings
| Graveyard | 1 | |
| Crypt | 1 | |
| Ziggurat | 9 | |
| Altar of Darkness | 1 | |
| Nerubian Tower | 1 | |
| Halls of the Dead | 1 | |
| Slaughterhouse | 1 | |
| Black Citadel | 1 | |
| Tomb of Relics | 1 | |
| Sacrificial Pit | 1 | |
| Boneyard | 2 | |
| Spirit Tower | 2 | |
22 total
» build order
00:09 Graveyard
00:30 Crypt
00:42 Ziggurat
01:00 Ziggurat
01:19 Altar of Darkness
02:27 Nerubian Tower
03:31 Ziggurat
04:05 Halls of the Dead
05:51 Ziggurat
06:34 Slaughterhouse
07:17 Black Citadel
08:02 Tomb of Relics
08:14 Ziggurat
10:22 Sacrificial Pit
10:34 Ziggurat
12:22 Boneyard
12:24 Boneyard
12:28 Ziggurat
14:29 Ziggurat
18:32 Ziggurat
19:23 Spirit Tower
20:53 Spirit Tower
» items
LAMBOREBE (
teal | 45 APM | 1096 actions | 24:19)
5 Tauren Chieftain
2 War Stomp
3 Endurance Aura
» actions
| Basic commands | 1 | |
| Build / train | 43 | |
| Enter build submenu | 14 | |
| Enter hero's abilities submenu | 5 | |
| Give item / drop item | 4 | |
| Remove unit from queue | 3 | |
| Right click | 743 | |
| Select / deselect | 230 | |
| Use ability | 53 | |
1096 total
» units
» upgrades
| Armor | 3 | |
| Melee Weapons | 1 | |
| Pulverize | 1 | |
5 total
» buildings
| Altar of Storms | 1 | |
| Orc Burrow | 8 | |
| Barracks | 1 | |
| Voodoo Lounge | 1 | |
| Stronghold | 1 | |
| War Mill | 1 | |
| Fortress | 2 | |
| Tauren Totem | 2 | |
17 total
» build order
00:22 Altar of Storms
00:37 Orc Burrow
00:52 Barracks
01:41 Orc Burrow
01:56 Voodoo Lounge
04:15 Stronghold
05:21 Orc Burrow
05:25 War Mill
06:36 Fortress
06:39 Orc Burrow
08:03 Orc Burrow
09:17 Tauren Totem
09:18 Tauren Totem
09:38 Orc Burrow
12:54 Orc Burrow
15:26 Orc Burrow
» items
| Healing Salve | 1 | |
| Lesser Clarity Potion | 1 | |
| Scroll of Speed | 1 | |
3 total

»
Serra_Akroma (
orange | 47 APM | 1230 actions | 26:00)
3 Pandaren Brewmaster
1 Drunken Haze
1 Breath of Fire
1 Drunken Brawler
» actions
| Assign group hotkey | 2 | |
| Basic commands | 2 | |
| Build / train | 44 | |
| Enter build submenu | 19 | |
| Enter hero's abilities submenu | 3 | |
| Remove unit from queue | 1 | |
| Right click | 568 | |
| Select / deselect | 295 | |
| Select group hotkey | 22 | |
| Use ability | 274 | |
1230 total
» units
| Acolyte | 8 | |
| Crypt Fiend | 11 | |
| Ghoul | 3 | |
| Meatwagon | 1 | |
| Obsidian Statue | 4 | |
27 total
» upgrades
| Creature Carapace | 1 | |
| Creature Attack | 3 | |
| Web | 1 | |
| Destroyer Form | 1 | |
6 total
» buildings
| Altar of Darkness | 1 | |
| Graveyard | 1 | |
| Ziggurat | 7 | |
| Crypt | 1 | |
| Nerubian Tower | 1 | |
| Spirit Tower | 3 | |
| Tomb of Relics | 1 | |
| Halls of the Dead | 1 | |
| Slaughterhouse | 2 | |
| Black Citadel | 1 | |
| Necropolis | 1 | |
20 total
» build order
00:07 Altar of Darkness
00:13 Graveyard
00:26 Ziggurat
01:39 Crypt
02:12 Ziggurat
03:27 Nerubian Tower
05:00 Ziggurat
05:01 Ziggurat
05:02 Ziggurat
06:28 Spirit Tower
06:37 Spirit Tower
07:46 Tomb of Relics
08:23 Halls of the Dead
09:14 Spirit Tower
10:51 Slaughterhouse
11:14 Black Citadel
12:12 Slaughterhouse
15:45 Ziggurat
21:03 Ziggurat
21:16 Necropolis
» items
TRIwofl (
red | 36 APM | 929 actions | 26:07)
1 Pandaren Brewmaster
1 Breath of Fire
3 Keeper of the Grove
2 Entangling Roots
1 Thorns Aura
» actions
| Assign group hotkey | 76 | |
| Basic commands | 35 | |
| Build / train | 54 | |
| Enter build submenu | 14 | |
| Enter hero's abilities submenu | 4 | |
| Remove unit from queue | 3 | |
| Right click | 437 | |
| Select / deselect | 216 | |
| Select group hotkey | 46 | |
| Use ability | 44 | |
929 total
» units
| Wisp | 11 | |
| Archer | 5 | |
| Glaive Thrower | 11 | |
| Druid of the Claw | 5 | |
| Dryad | 5 | |
37 total
» upgrades
| Vorpal Blades | 1 | |
| Strength of the Moon | 1 | |
| Druid of the Claw Training | 2 | |
| Abolish Magic | 1 | |
| Mark of the Claw | 1 | |
6 total
» buildings
| Altar of Elders | 1 | |
| Moon Well | 6 | |
| Ancient of War | 1 | |
| Hunter's Hall | 1 | |
| Tree of Ages | 1 | |
| Tree of Eternity | 1 | |
| Ancient of Lore | 2 | |
| Ancient of Wind | 1 | |
| Ancient of Wonders | 1 | |
15 total
» build order
00:11 Altar of Elders
00:17 Moon Well
00:46 Ancient of War
01:33 Moon Well
02:58 Hunter's Hall
03:56 Tree of Ages
04:18 Moon Well
05:45 Moon Well
07:08 Tree of Eternity
07:12 Ancient of Lore
07:52 Moon Well
10:02 Ancient of Lore
10:07 Ancient of Wind
11:16 Moon Well
16:51 Ancient of Wonders
Chat log
(00:52 / All) TIMG4STRok: hey can we pause??? i gotta take my contacts out
(00:55 / Allies) Sylink: want me to feed you mata or tower
(00:56 / All) chaosknight2: sure
(01:07 / All) TIMG4STRok: ok brb
(01:08 / Allies) TIMG4STRok: keep pausing
(01:11 / All) TIMG4STRok: manner
(01:12 / All) TIMG4STRok: please
(01:12 / All) Serra_Akroma: hey
(01:12 / All) Mata.: manner up
(01:13 / All) Serra_Akroma: stop
(01:15 / Allies) TIMG4STRok: i acnt take them out that fast
(01:21 / All) Serra_Akroma: i'm quitting if you do that you fags
(01:22 / Allies) Mata.: @@@
(01:24 / All) Mata.: all twisted metal stretching upwards
(01:24 / All) chaosknight2: ok seriously
(01:25 / Allies) TIMG4STRok: had to piss
(01:26 / All) Serra_Akroma: it's related to renewing the lease
(01:26 / All) chaosknight2: whoa
(01:33 / All) chaosknight2: manners
(01:35 / All) chaosknight2: next time
(01:35 / All) Mata.: you ask before unpausing
(01:37 / All) Mata.: sorry team is noob
(01:37 / All) chaosknight2: tell before
(01:39 / All) chaosknight2: ya
(01:42 / All) TRIwofl: wtf
(01:54 / All) TRIwofl: my resources jumped
(01:55 / All) TIMG4STRok: sorry manner game
(01:58 / Allies) TIMG4STRok: gobiner is retard
(02:12 / Allies) TIMG4STRok: GETTING paladin first
(02:16 / Allies) TIMG4STRok: like every game
(02:20 / Allies) Mata.: is a solid hero
(02:32 / Allies) TIMG4STRok: morlune the magnificent
(02:54 / Allies) Mata.: sharelink
(02:57 / Allies) TIMG4STRok: morlune the manner
(03:08 / Allies) Sylink: they at
(03:11 / Allies) Mata.: woo
(03:15 / Allies) Sylink: pandas lol
(03:17 / Allies) Mata.: not sure if they saw
(03:30 / Allies) Sylink: yes
(03:43 / Allies) Sylink: 2 pandas
(03:44 / Allies) Sylink: down here
(03:45 / Allies) Sylink: at least
(04:27 / Allies) Mata.: expo stealink
(05:09 / Allies) TIMG4STRok: OOEOEOEOEOEOEEOE
(05:10 / Allies) TIMG4STRok: EIOU
(05:22 / Allies) Mata.: so what
(05:32 / Allies) TIMG4STRok: WANT to end it
(05:36 / Allies) Mata.: can we
(05:38 / Allies) Mata.: they got
(05:42 / Allies) Mata.: pandas and dks
(06:41 / Allies) Mata.: ill end it asap
(06:43 / Allies) Mata.: anyone got gold???
(06:48 / Allies) TIMG4STRok: TAKING expo and teching
(06:56 / Allies) Mata.: going for islands
(07:11 / Allies) Mata.: then gonna stage tank raids
(07:12 / Allies) Mata.: from there
(07:24 / Allies) Sylink: ill wyv a bit
(07:52 / Allies) Mata.: sy if you take the expo you gotta tower it
(07:58 / Allies) Mata.: [top]
(08:00 / Allies) Mata.: cause i dont have enough workers there
(08:15 / Allies) Sylink: which expo
(08:21 / Allies) Sylink: ok
(09:03 / Allies) Mata.: siege is startin
(09:08 / Allies) Mata.: he might be tunneling
(09:09 / Allies) Mata.: thru trees
(09:53 / Allies) TIMG4STRok: YOU CAN take blade
(09:58 / Allies) Sylink: k
(10:22 / Allies) Mata.: lum!!!!!
(10:26 / Allies) Mata.: is what i need
(10:28 / Allies) TIMG4STRok: any wood
(10:29 / Allies) TIMG4STRok: me too
(10:31 / Allies) Sylink: get a shredder
(10:48 / Allies) TIMG4STRok: yo sylink you got his bats too and shit right
(10:54 / Allies) Sylink: yes
(10:55 / Allies) Sylink: ill build them
(10:57 / Allies) TIMG4STRok: sweet
(10:58 / Allies) Sylink: just started
(11:01 / Allies) Mata.: need a shop on top+
(12:31 / Allies) TIMG4STRok: fuck
(12:33 / Allies) TIMG4STRok: i got div shield
(12:35 / Allies) TIMG4STRok: lmao
(12:37 / Allies) Mata.: pro.
(12:43 / Allies) Mata.: why do you get aura
(12:48 / Allies) TIMG4STRok: because
(12:51 / Allies) TIMG4STRok: its very good??
(12:56 / Allies) Mata.: not compared to div?
(13:01 / Allies) Mata.: i mean
(13:03 / Allies) TIMG4STRok: only need 1 level of div really
(13:06 / Allies) Mata.: not compaered to most spelsl
(13:12 / Allies) Sylink: bats here
(13:14 / Allies) Mata.: you're crippling your pala so bad
(13:14 / Allies) Sylink: if anyone needs
(13:16 / Allies) Mata.: if you dont level up div
(13:37 / Allies) TIMG4STRok: lmao
(13:52 / Allies) Mata.: once you get level 3 div you can live in ud base
(13:54 / Allies) Mata.: is so ni e
(14:00 / Allies) Mata.: its like tranq cooldown
(14:01 / Allies) TIMG4STRok: or
(14:05 / Allies) TIMG4STRok: i can make army invincible
(14:08 / Allies) TIMG4STRok: defendmen with aura
(14:10 / Allies) TIMG4STRok: is so good
(14:16 / Allies) Mata.: no you can give army an extra what, 20% ghp
(14:20 / Allies) Mata.: ehp
(14:21 / Allies) Mata.: effective hpo
(15:19 / Allies) Mata.: creep this
(15:20 / Allies) Mata.: i need loads of zeps
(15:32 / Allies) Mata.: like atleast 12.
(16:37 / Allies) Sylink: they all tped down
(16:39 / Allies) Sylink: red lost both heroes
(16:42 / Allies) Mata.: going 100f
(16:49 / Allies) Sylink: yellow is wagons
(17:38 / Allies) Mata.: div aura is genuinely good with gryph tho
(17:42 / Allies) Mata.: cuz of how it helps vs concoct
(17:52 / Allies) Mata.: i mean not div aura but aura
(17:55 / Allies) TIMG4STRok: help top nooblords
(18:15 / Allies) Sylink: getting bottom instead
(18:19 / Allies) Mata.: gonna start tanking
(18:20 / Allies) Mata.: from islands
(18:21 / Allies) Mata.: now
(18:29 / Allies) Sylink: teal has no peons
(19:07 / Allies) TIMG4STRok: top fell
(19:12 / Allies) Sylink: neg
(19:15 / Allies) Sylink: towe rmore
(19:20 / Allies) TIMG4STRok: too late
(19:24 / Allies) Sylink: tower
(19:25 / Allies) Sylink: that
(19:46 / Allies) Mata.: red and orange mains gone
(19:50 / Allies) Mata.: all their expos dead
(19:50 / Allies) Sylink: teal gone
(19:53 / Allies) Sylink: lmao
(19:59 / Allies) Mata.: i hit everywhere at once
(20:02 / Allies) Mata.: wit zeptanks
(20:29 / Allies) TIMG4STRok: wood me
(20:30 / Allies) TIMG4STRok: big time
(21:31 / Allies) Mata.: gonna drop yellow's goldmine
(21:33 / Allies) Mata.: with 8 tanks
(21:39 / Allies) Mata.: and hit orange with same amount
(21:57 / Allies) TIMG4STRok: more wood
(21:59 / Allies) Sylink: i think we go tit
(22:01 / Allies) Sylink: im out
(22:09 / Allies) Mata.: i got smoe
(22:29 / All) chaosknight2: wtf is this bullshit
(22:36 / All) Sylink: bye
(23:25 / Allies) TIMG4STRok: coming
(23:36 / Allies) Mata.: getting main and yards
(23:40 / Allies) Mata.: and mine why not
(24:20 / Allies) Mata.: prepping next atk
(24:21 / Allies) Mata.: gg
(24:26 / Allies) Mata.: haha took out orange too
(24:29 / All) Sylink: lmao
(25:26 / All) Sylink: gg
(26:01 / Allies) Mata.: finding thyey last bldg
(26:03 / All) Sylink: gg